 Dungeon Crawl Stone Soup version 0.31.0-1-g2c135a0 (webtiles) character file.

Game seed: 2411267192000150408

151 bonegar the Sneak (level 5, -1/44 HPs)
             Began as a Naga Enchanter on Feb 14, 2024.
             Slain by a gnoll
             ... wielding a +0 whip
             ... led by a gnoll bouda
              (3 damage)
             ... on level 4 of the Dungeon.
             The game lasted 00:22:32 (2770 turns).

bonegar the Sneak (Naga Enchanter)                  Turns: 2770, Time: 00:22:54

Health: -1/44      AC:  3    Str: 13    XL:     5   Next: 33%
Magic:  6/8        EV: 10    Int: 15    God:
Gold:   139        SH:  0    Dex: 13    Spells: 3/8 levels left

rFire   . . .        l - +6 hand axe "Ulitom" {elec, Str+2}
rCold   . . .        (no shield)
rNeg    + . .        b - +0 robe
rPois   +            i - +0 helmet
rElec   .            (no cloak)
rCorr   .            (no gloves)
SInv    +            (no barding)
Will    .....        (no amulet)
Stlth   +++          p - ring of positive energy
HPRegen 0.27/turn    (no ring)
MPRegen 0.11/turn

%: no passive effects
@: very slow
A: AC +1, large, see invisible, deformed body, poison resistance, slowness 2,
spit poison 1, naga tail 1
a: Spit Poison


You were on level 4 of the Dungeon.
You visited 1 branch of the dungeon, and saw 4 of its levels.

You collected 139 gold pieces.

Inventory:

Hand Weapons
 a - a +1 dagger
 l - the +6 hand axe "Ulitom" (weapon) {elec, Str+2}
   (You found it on level 2 of the Dungeon)

   Str+2:     It affects your strength (+2).
 s - the +5 scythe "Finisher" {speed, execute}
   (You found it on level 3 of the Dungeon)
Armour
 b - a +0 robe (worn)
 i - a +0 helmet (worn)
 w - an orb of wrath
Magical Staves
 e - a staff of cold
Jewellery
 p - a ring of positive energy (left hand)
Wands
 d - a wand of charming (9) (quivered)
Scrolls
 h - a scroll of fear {unknown}
 j - a scroll of immolation {unknown}
 n - a scroll of enchant armour {unknown}
 o - 2 scrolls of enchant weapon {unknown}
 q - 2 scrolls of fog {unknown}
 t - a scroll of identify
 u - a scroll of brand weapon {unknown}
Potions
 c - 2 potions of invisibility
 f - 5 potions of curing
 g - 2 potions of heal wounds
 k - a potion of cancellation {unknown}
 m - a potion of brilliance {unknown}
 r - 2 potions of might {unknown}
 v - a potion of ambrosia {unknown}


   Skills:
 + Level 1.2 Fighting
 + Level 1.0 Short Blades
 + Level 1.8 Axes
 + Level 1.2 Staves
 + Level 2.3 Dodging
 + Level 6.0 Stealth
 + Level 2.2 Spellcasting
 + Level 3.4 Hexes


You had 3 spell levels left.
You knew the following spells:

 Your Spells              Type           Power      Damage    Failure   Level
a - Ensorcelled Hibernat  Hex/Ice        12%        N/A       16%         2
b - Tukima's Dance        Hex            11%        N/A       16%         3

Your spell library contained the following spells:

 Spells                   Type           Power      Damage    Failure   Level
 Confusing Touch          Hex            11%        N/A       16%         3
 Dazzling Flash           Conj/Hex       12%        N/A       32%         3
 Volatile Blastmotes      Fire/Tloc      2%         2d10      54%         3
 Fulminant Prism          Conj/Alch      0%         3d5       91%         4
 Iskenderun's Mystic Bla  Conj/Tloc      1%         2d3       91%         4


Dungeon Overview and Level Annotations

Branches:
Dungeon (4/15)
 Temple: D:4-7

Altars:

Shops:
D:3 =(:*:


Innate Abilities, Weirdness & Mutations

Your serpentine skin is tough. (AC +1)
You have supernaturally acute eyesight. (SInv)
Armour fits poorly on your strangely shaped body.
Your system is resistant to poisons. (rPois)
You cover ground very slowly.
You can spit poison.
You have a snake-like lower body.


Message History

Items here: ))) [.
There is a stone staircase leading down here.
You climb downwards.
The dart slug bites you but does no damage.
There is a stone staircase leading up here.
You hit the dart slug.
Lightning courses through the dart slug!
You kill the dart slug!
The gnoll bouda barks out a call to the hunt!
The gnolls pick up the pace!
Casting: Ensorcelled Hibernation (safe; 16% risk of failure)
Confirm with . or Enter, or press ? or * to list all spells.
Aiming: Ensorcelled Hibernation (safe; 16% risk of failure)
Press: ? - help, Shift-Dir - straight line, f - gnoll
Aim: a gnoll, wielding a +0 whip (covering ground quickly, chance to affect: 49%)
The gnoll looks drowsy...
The gnoll hits you with a +0 whip. The gnoll hits you with a +0 club.
The gnoll shouts!
You slash the gnoll! Lightning courses through the gnoll!!
You kill the gnoll!
You barely miss the gnoll. You hit the gnoll.
The gnoll hits you with a +0 whip. The gnoll barely misses you.
You hit the gnoll.
The gnoll is heavily wounded.
You hit the gnoll but do no damage. The gnoll hits you with a +0 whip.
The gnoll hits you with a +0 club.
You hit the gnoll.
The gnoll is moderately wounded.
You hit the gnoll bouda.
The gnoll hits you from afar with a +3 spear!
The gnoll hits you with a +0 club.
The gnoll hits you from afar with a +3 spear!
* * * LOW HITPOINT WARNING * * *
The gnoll attacks as it pursues you! The gnoll hits you with a +0 whip.
* * * LOW HITPOINT WARNING * * *
The gnoll bouda closely misses you. The gnoll attacks as it pursues you!
The gnoll hits you with a +0 club.
* * * LOW HITPOINT WARNING * * *
The gnoll hits you with a +0 whip.
You die...

########. ##
##........ ..#
##........##..#
#..........#..
#..g.......).
#.@g)......#
#..g.....[.#
#....g..<..#
##........##
#........#
........%.
......(...#
#..........#
..........#


You could see a gnoll bouda and 3 gnolls.

Vanquished Creatures
  Jessica (D:2)
  A gnoll (D:4)
  3 adders
  2 dart slugs
  2 ribbon worms
  12 orcs (D:3)
  8 endoplasms
  2 giant cockroaches
  6 hobgoblins
  4 kobolds
  3 quokkas
  9 ball pythons
  2 bats
  5 frilled lizards
  4 goblins
  3 rats (D:2)
67 creatures vanquished.

Notes
Turn   | Place    | Note
-------+----------+-------------------------------------------
     0 | D:1      | bonegar the Naga Enchanter began the quest for the Orb.
     0 | D:1      | Reached XP level 1. HP: 15/15 MP: 3/3
   173 | D:1      | Reached XP level 2. HP: 21/22 MP: 5/5
   176 | D:1      | Learned a level 2 spell: Ensorcelled Hibernation
   850 | D:1      | Reached XP level 3. HP: 22/28 MP: 6/6
   943 | D:2      | Reached skill level 5 in Stealth
  1200 | D:2      | Identified the +6 hand axe "Ulitom" {elec, Str+2}
  1213 | D:2      | Noticed Jessica
  1218 | D:2      | Killed Jessica
  1219 | D:2      | Reached skill level 1 in Staves
  1219 | D:2      | Reached XP level 4. HP: 30/37 MP: 7/7
  1434 | D:2      | Reached skill level 1 in Fighting
  1946 | D:3      | Learned a level 3 spell: Tukima's Dance
  1983 | D:3      | Found Niug's Antique Weapon Boutique.
  1989 | D:3      | Reached skill level 1 in Axes
  2077 | D:3      | Found Hoilij's Jewellery Emporium.
  2136 | D:3      | Found the +5 scythe "Finisher" {speed, execute}
  2137 | D:3      | Found a faded altar of an unknown god.
  2158 | D:3      | Reached XP level 5. HP: 41/44 MP: 8/8
  2166 | D:3      | Found Vagu's General Store.
  2216 | D:3      | Reached skill level 6 in Stealth
  2289 | D:3      | Found Ujuagige's Book Shop.
  2329 | D:3      | Found Letojocw's Book Shoppe.
  2770 | D:4      | HP: 2/44 [gnoll/+0 club[a gnoll bouda] (5)]
  2770 | D:4      | Slain by a gnoll

Illustrated notes

Levels and vault maps discovered:
D:1:      lightli_arrival_windingriver, layout_basic
D:2:      minmay_chambers_of_twos, layout_basic, dk_noncrumbling_2, uniq_jessica
D:3:      layout_basic, serial_shops, nicolae_diamond_shop, shop, shop, shop,
          nicolae_shop_hallway_plus, dreamdust_ecumenical_altar_grove,
          chequers_avenue, grunt_decor_resistance
D:4:      layout_rooms, minmay_temple_entry_arrows, kennysheep_potato

Skill      XL: |  1  2  3  4  5 |
---------------+----------------+-----
Stealth        | 5 6 |  6.0
Staves         | 1 |  1.2
Dodging        | 2 |  2.3
Fighting       | 1 |  1.2
Axes           | 1 |  1.8
Short Blades   | |  1.0
Spellcasting   | |  2.2
Hexes          | |  3.4

Action                     |  1- 3 |  4- 6 || total
---------------------------+-------+-------++-------
  Melee: Dagger            |    14 |       ||    14
         Staff             |    84 |       ||    84
         Punch             |     1 |     1 ||     2
         Hand axe          |     5 |    78 ||    83
   Cast: Ensorcelled Hiber |       |     3 ||     3
         Tukima's Dance    |       |     1 ||     1
    Use: Scroll            |     2 |       ||     2
   Stab: Sleeping          |     8 |     3 ||    11
 Armour: Robe              |    54 |    61 ||   115
  Dodge: Dodged            |    50 |    40 ||    90
